[Event "26th Zadar Open 2019"]
[Site "Zadar"]
[Date "2019.12.21"]
[Round "8.18"]
[White "Manush Shah"]
[Black "Krasteva, Beloslava"]
[Result "1/2-1/2"]
[ECO "E14"]
[WhiteElo "2341"]
[BlackElo "2264"]
[Annotator "NA"]
[PlyCount "85"]
[EventDate "2019.12.15"]
[EventType "swiss"]
[EventCountry "CRO"]
[SourceTitle "playchess.com"]
[Source "ChessBase"]
[SourceQuality "1"]
[TimeControl "40/5400+30:1800+30"]

1. d4 Nf6 2. Nf3 e6 3. e3 d5 4. c4 b6 $11 5. Nc3 Bb7 6. cxd5 exd5 7. Bd3 Bd6 8. O-O O-O 9. Qc2 c5 10. b3 Re8 11. Nb5 Bf8 12. Bb2 a6 13. Nc3 Nc6 14. a3 cxd4 15. exd4 Na5 16. Rfe1 Rc8 17. Rxe8 Qxe8 18. Re1 Qd8 19. Qd1 Bd6 20. Ne2 Qf8 21. b4 Nc4 22. Bc1 g6 23. Ng3 Re8 24. Nd2 b5 25. Nb3 h5 26. Rxe8 Qxe8 27. Qe2 Qxe2 28. Nxe2 Nd7 29. Nc3 Ndb6 30. Be2 Be7 31. Nc5 Bc8 32. Bf3 Bf6 33. Nxd5 Nxd5 34. Bxd5 Bxd4 35. Kf1 Kf8 36. Ke2 Ke7 37. f3 Nb6 38. Bb3 Nd7 39. Nxd7 Bxd7 40. Bd5 Be6 41. Bb7 Kd7 42. Kd3 Bf6 43. g3 1/2-1/2

[Event "26th Zadar Open 2019"]
[Site "Zadar"]
[Date "2019.12.21"]
[Round "8.19"]
[White "Nester, Ihor"]
[Black "Ly, Dominik"]
[Result "0-1"]
[ECO "E06"]
[WhiteElo "2329"]
[BlackElo "2220"]
[Annotator "NA"]
[PlyCount "94"]
[EventDate "2019.12.15"]
[EventType "swiss"]
[EventCountry "CRO"]
[SourceTitle "playchess.com"]
[Source "ChessBase"]
[SourceQuality "1"]
[TimeControl "40/5400+30:1800+30"]

1. Nf3 d5 2. d4 Nf6 3. c4 e6 4. g3 Be7 5. Bg2 O-O 6. O-O c6 7. Qc2 b6 8. Nbd2 Bb7 9. e4 Na6 10. Rd1 Nb4 11. Qb1 dxc4 12. e5 Nfd5 13. Nxc4 h6 14. a3 Na6 15. Qc2 b5 16. Ncd2 c5 17. Ne4 Rc8 18. Qe2 Qb6 19. dxc5 Nxc5 20. Nd4 Nxe4 21. Bxe4 Rc4 22. Nf5 Rxe4 23. Nxh6+ gxh6 24. Qxe4 Nf6 25. Qf4 Qc6 26. Kf1 Nh7 27. Qg4+ Ng5 28. Bxg5 hxg5 29. h4 Rc8 30. f3 Qxf3+ 31. Qxf3 Bxf3 32. Rd7 Bc5 33. Rc1 Rc6 34. hxg5 Kg7 35. Rd3 Bb6 36. Rxc6 Bxc6 37. Rd6 Bd5 38. Rd7 Bd4 39. b4 Bb6 40. Ke2 Kg6 41. Kd3 Bf2 42. Ke2 Bxg3 43. Rxa7 Bxe5 44. Ra5 Bc4+ 45. Ke3 Bc3 46. Ra7 e5 47. Ke4 Kxg5 0-1

[Event "26th Zadar Open 2019"]
[Site "Zadar"]
[Date "2019.12.21"]
[Round "8.21"]
[White "Hrescak, Ivana"]
[Black "Sai Agni Jeevitesh, J."]
[Result "0-1"]
[ECO "E48"]
[WhiteElo "2194"]
[BlackElo "2301"]
[Annotator "NA"]
[PlyCount "74"]
[EventDate "2019.12.15"]
[EventType "swiss"]
[EventCountry "CRO"]
[SourceTitle "playchess.com"]
[Source "ChessBase"]
[SourceQuality "1"]
[TimeControl "40/5400+30:1800+30"]

1. d4 Nf6 2. c4 e6 3. Nc3 Bb4 4. e3 O-O 5. Bd3 b6 6. Nge2 Bb7 7. O-O d5 8. cxd5 exd5 9. Ng3 Nbd7 10. Bd2 Re8 11. Rc1 a6 12. a3 Bf8 13. Re1 c5 14. Bb1 c4 15. e4 dxe4 16. Ncxe4 b5 17. Bg5 Qb6 18. Qf3 Nxe4 19. Nxe4 g6 20. Qh3 f5 21. Ng3 Bg7 22. Red1 Bxd4 23. Nxf5 gxf5 24. Qxf5 Nf8 25. Qg4 Bg7 26. Qg3 Kh8 27. Be3 Qe6 28. h3 Rad8 29. Qh4 Rxd1+ 30. Rxd1 Qf6 31. Bg5 Qxb2 32. Bf5 Qe5 33. Bd7 Nxd7 34. Rxd7 Bc6 35. Rxg7 Kxg7 36. Qh6+ Kf7 37. f4 Qe4 0-1

[Event "26th Zadar Open 2019"]
[Site "Zadar"]
[Date "2019.12.21"]
[Round "8.23"]
[White "Sahil, Tickoo"]
[Black "de Francesco, Klaus"]
[Result "1-0"]
[ECO "D02"]
[WhiteElo "2259"]
[BlackElo "2273"]
[Annotator "NA"]
[PlyCount "53"]
[EventDate "2019.12.15"]
[EventType "swiss"]
[EventCountry "CRO"]
[SourceTitle "playchess.com"]
[Source "ChessBase"]
[SourceQuality "1"]
[TimeControl "40/5400+30:1800+30"]

1. d4 Nf6 2. Nf3 e6 3. Bf4 d5 4. e3 c5 5. c3 Bd6 6. Bg3 O-O 7. Nbd2 Qc7 8. Ne5 Ne4 9. Nxe4 dxe4 10. Nc4 Bxg3 11. hxg3 g6 12. dxc5 Qxc5 13. Qd6 Nd7 14. Qxc5 Nxc5 15. O-O-O a5 16. Nd6 Bd7 17. Nxb7 Nxb7 18. Rxd7 Rab8 19. Rc7 Rfd8 20. Be2 Rd5 21. Rd1 Rf5 22. f4 h5 23. Rd4 Nc5 24. g4 hxg4 25. Bxg4 Rd5 26. Rxd5 exd5 27. Rxc5 1-0

[Event "26th Zadar Open 2019"]
[Site "Zadar"]
[Date "2019.12.21"]
[Round "8.24"]
[White "Deglmann, Ludwig"]
[Black "Gelbenegger, Patrick"]
[Result "1-0"]
[ECO "D03"]
[WhiteElo "2261"]
[BlackElo "2267"]
[Annotator "NA"]
[PlyCount "71"]
[EventDate "2019.12.15"]
[EventType "swiss"]
[EventCountry "CRO"]
[SourceTitle "playchess.com"]
[Source "ChessBase"]
[SourceQuality "1"]
[TimeControl "40/5400+30:1800+30"]

1. d4 Nf6 2. Nf3 e6 3. Bg5 Be7 4. Nbd2 d5 5. e3 O-O 6. Bd3 c5 7. c3 Qb6 8. Rb1 Nc6 9. O-O Qc7 10. Qe2 e5 11. e4 exd4 12. exd5 dxc3 13. bxc3 Nxd5 14. Qe4 g6 15. Qxd5 Rd8 16. Qc4 Be6 17. Qh4 Rxd3 18. Ne4 h5 19. Bxe7 Nxe7 20. Qg5 Nf5 21. Rfe1 Kf8 22. Nf6 Rd6 23. Re5 Rad8 24. Rbe1 Rd1 25. h3 Rxe1+ 26. Rxe1 Qc6 27. Ne5 Qc7 28. g4 hxg4 29. hxg4 Nd6 30. Qh6+ Ke7 31. Qg7 Ne8 32. Ng8+ Kd6 33. Qf8+ Kd5 34. Ne7+ Kd6 35. Nf5+ Kd5 36. c4# 1-0

[Event "26th Zadar Open 2019"]
[Site "Zadar"]
[Date "2019.12.21"]
[Round "8.25"]
[White "Sutkovic, Damir"]
[Black "Khalakhan, Jurij"]
[Result "0-1"]
[ECO "A51"]
[WhiteElo "2292"]
[BlackElo "2240"]
[Annotator "NA"]
[PlyCount "64"]
[EventDate "2019.12.15"]
[EventType "swiss"]
[EventCountry "CRO"]
[SourceTitle "playchess.com"]
[Source "ChessBase"]
[SourceQuality "1"]
[TimeControl "40/5400+30:1800+30"]

1. d4 Nf6 2. c4 e5 3. e3 exd4 4. exd4 Bb4+ 5. Bd2 Bxd2+ 6. Qxd2 O-O 7. Nc3 Re8+ 8. Be2 d5 9. cxd5 Bg4 10. h3 Bh5 11. O-O-O Bg6 12. Bb5 c6 13. dxc6 Nxc6 14. Bd3 Ne4 15. Bxe4 Rxe4 16. Nxe4 Bxe4 17. Ne2 Rc8 18. Nc3 Nb4 19. Qe3 Nxa2+ 20. Kd2 Nxc3 21. bxc3 Bg6 22. Ra1 Qb6 23. Rhc1 f6 24. Qf3 Re8 25. Qd5+ Kh8 26. Qa2 Qb5 27. c4 Qf5 28. Kc3 Qd3+ 29. Kb4 Qxd4 30. Rd1 a5+ 31. Kxa5 Qc5+ 32. Ka4 b5+ 0-1

[Event "26th Zadar Open 2019"]
[Site "Zadar"]
[Date "2019.12.22"]
[Round "9.3"]
[White "Kozul, Zdenko"]
[Black "Galperin, Platon"]
[Result "1-0"]
[ECO "A80"]
[WhiteElo "2590"]
[BlackElo "2462"]
[Annotator "ChessBase"]
[PlyCount "79"]
[EventDate "2019.12.15"]
[EventType "swiss"]
[EventCountry "CRO"]
[SourceTitle "playchess.com"]
[Source "ChessBase"]
[SourceQuality "1"]
[TimeControl "40/5400+30:1800+30"]

1. d4 f5 2. Nf3 Nf6 3. Bf4 g6 4. e3 Bg7 5. h3 d6 6. Be2 e6 7. c4 b6 8. Nc3 O-O 9. O-O h6 10. Bh2 Nbd7 11. b4 Bb7 12. Rc1 g5 13. c5 g4 14. hxg4 Nxg4 15. Bg3 Ndf6 16. Nh4 Kh7 17. cxd6 cxd6 18. Nb5 Ba6 19. Nc7 Bxe2 20. Qxe2 Qe7 21. Nxa8 Rxa8 22. Qf3 Rf8 23. Rc6 Ne4 24. Rfc1 Ngf6 25. Rc7 Qe8 26. Bxd6 Nxd6 27. Rxg7+ Kxg7 28. Qg3+ Ng4 29. Qxd6 Qh5 30. Nf3 Qe8 31. Ne5 Nxe5 32. Qxe5+ Kg8 33. b5 f4 34. e4 Qg6 35. Rc6 Rf6 36. Rc8+ Kh7 37. Rc7+ Kg8 38. Rxa7 h5 39. Ra3 f3 40. Qg3 1-0

[Event "26th Zadar Open 2019"]
[Site "Zadar"]
[Date "2019.12.22"]
[Round "9.6"]
[White "Doric, Darko"]
[Black "Dixit, Nikhil"]
[Result "1/2-1/2"]
[ECO "E91"]
[WhiteElo "2492"]
[BlackElo "2318"]
[Annotator "ChessBase"]
[PlyCount "82"]
[EventDate "2019.12.15"]
[EventType "swiss"]
[EventCountry "CRO"]
[SourceTitle "playchess.com"]
[Source "ChessBase"]
[SourceQuality "1"]
[TimeControl "40/5400+30:1800+30"]

1. d4 Nf6 2. c4 g6 3. Nc3 Bg7 4. e4 d6 5. Be2 O-O 6. Be3 c6 7. Nf3 Bg4 8. O-O Nfd7 9. Qd2 Na6 10. h3 Bxf3 11. Bxf3 Nc7 12. Be2 Ne6 13. d5 Nec5 14. f3 cxd5 15. exd5 a5 16. Rfe1 a4 17. Bf1 Qa5 18. Rab1 Ne5 19. f4 Ned7 20. Bd4 Nf6 21. Rbd1 Rfe8 22. Nb5 Qxd2 23. Rxd2 Nfe4 24. Rdd1 Rac8 25. g4 f5 26. Bg2 Kf7 27. Bf3 Bxd4+ 28. Rxd4 Kf6 29. Rdd1 h5 30. Kg2 hxg4 31. hxg4 Rh8 32. Nd4 Rh4 33. Rh1 Rch8 34. g5+ Kf7 35. Rxh4 Rxh4 36. Bxe4 Nxe4 37. Ne6 Rg4+ 38. Kh2 Rh4+ 39. Kg2 Rg4+ 40. Kh2 Rh4+ 41. Kg2 Rg4+ 1/2-1/2

[Event "26th Zadar Open 2019"]
[Site "Zadar"]
[Date "2019.12.22"]
[Round "9.7"]
[White "Rogic, Davor"]
[Black "Mosesov, Danyil"]
[Result "1-0"]
[ECO "C70"]
[WhiteElo "2485"]
[BlackElo "2290"]
[Annotator "RC"]
[PlyCount "89"]
[EventDate "2019.12.15"]
[EventType "swiss"]
[EventCountry "CRO"]
[SourceTitle "playchess.com"]
[Source "ChessBase"]
[SourceQuality "1"]
[TimeControl "40/5400+30:1800+30"]

1. e4 e5 2. Nf3 Nc6 3. Bb5 a6 4. Ba4 b5 5. Bb3 g6 6. a4 b4 7. d4 exd4 8. Nxd4 Na5 9. Ba2 Bg7 10. O-O Ne7 11. Be3 O-O 12. Qc1 Bb7 13. Nd2 d5 14. Rd1 dxe4 15. Ne6 fxe6 16. Bxe6+ Kh8 17. Nc4 Qe8 18. Nxa5 Bc8 19. Bb3 Bg4 20. Re1 Qd7 21. Nc4 Qf5 22. Nd2 Nc6 23. Nf1 Qf6 24. Rb1 Nd4 25. Ng3 Rae8 26. Bc4 h5 27. c3 Nc6 28. Bd5 Qd6 29. c4 Ne5 30. Nxe4 Qd7 31. Nc5 Qe7 32. Bd4 Qf6 33. Kh1 Bf5 34. f4 Bxb1 35. Bxe5 Qh4 36. Qxb1 Bxe5 37. fxe5 Rf5 38. Nd3 c6 39. Bxc6 Ref8 40. h3 Qxc4 41. Be4 R5f7 42. Bxg6 Rg7 43. Be4 Rg3 44. Qd1 Qf7 45. e6 1-0

[Event "26th Zadar Open 2019"]
[Site "Zadar"]
[Date "2019.12.22"]
[Round "9.8"]
[White "Martinovic, Sasa"]
[Black "Bratovic, Blaz"]
[Result "1-0"]
[ECO "E90"]
[WhiteElo "2544"]
[BlackElo "2359"]
[Annotator "RC"]
[PlyCount "63"]
[EventDate "2019.12.15"]
[EventType "swiss"]
[EventCountry "CRO"]
[SourceTitle "playchess.com"]
[Source "ChessBase"]
[SourceQuality "1"]
[TimeControl "40/5400+30:1800+30"]

1. d4 Nf6 2. c4 g6 3. Nc3 Bg7 4. e4 d6 5. h3 O-O 6. Be3 e5 7. d5 Na6 8. Nf3 Nh5 9. a3 f5 10. b4 c5 11. dxc6 bxc6 12. Qa4 Nc7 13. Rd1 Bb7 14. Be2 Nf4 15. O-O fxe4 16. Nd2 c5 17. bxc5 dxc5 18. Bg4 h5 19. Ndxe4 Qh4 20. g3 Nxh3+ 21. Bxh3 Qxh3 22. Qd7 Qxd7 23. Rxd7 Bxe4 24. Nxe4 Ne6 25. Rb1 Rf7 26. Rxf7 Kxf7 27. Rb7+ Kg8 28. Kg2 a5 29. a4 Ra6 30. Bd2 Nd4 31. Rc7 Rc6 32. Ra7 1-0

[Event "26th Zadar Open 2019"]
[Site "Zadar"]
[Date "2019.12.22"]
[Round "9.10"]
[White "Moksh Amit Doshi"]
[Black "Ghersinich, Enrico"]
[Result "1-0"]
[ECO "D22"]
[WhiteElo "2399"]
[BlackElo "2157"]
[Annotator "NA"]
[PlyCount "61"]
[EventDate "2019.12.15"]
[EventType "swiss"]
[EventCountry "CRO"]
[SourceTitle "playchess.com"]
[Source "ChessBase"]
[SourceQuality "1"]
[TimeControl "40/5400+30:1800+30"]

1. d4 d5 2. c4 dxc4 3. Nf3 Nf6 4. e3 Bg4 5. Bxc4 e6 6. Nc3 a6 7. h3 Bh5 8. g4 Bg6 9. Ne5 Bd6 10. Qf3 c6 11. Nxg6 hxg6 12. e4 Bb4 13. Be3 Nbd7 14. Kf1 Bxc3 15. bxc3 Qa5 16. Kg2 Qxc3 17. Rhc1 Qa3 18. Rab1 b5 19. Bb3 O-O 20. Rxc6 a5 21. e5 Nh7 22. Rd6 Rfd8 23. Rxd7 Rxd7 24. Qxa8+ Nf8 25. Rc1 a4 26. Rc8 Qe7 27. Bg5 Qb4 28. Bd2 Qe7 29. Re8 Qa3 30. Bc1 Qb4 31. a3 1-0

[Event "26th Zadar Open 2019"]
[Site "Zadar"]
[Date "2019.12.22"]
[Round "9.11"]
[White "Rudolf, Michal"]
[Black "Lye, Lik Zang"]
[Result "1/2-1/2"]
[ECO "D20"]
[WhiteElo "2328"]
[BlackElo "2379"]
[Annotator "NA RC"]
[PlyCount "60"]
[EventDate "2019.12.15"]
[EventType "swiss"]
[EventCountry "CRO"]
[SourceTitle "playchess.com"]
[Source "ChessBase"]
[SourceQuality "1"]
[TimeControl "40/5400+30:1800+30"]

1. d4 d5 2. c4 dxc4 3. e3 e5 4. Bxc4 exd4 5. exd4 Bd6 6. Nf3 Nf6 7. O-O O-O 8. Nc3 Nc6 9. h3 h6 10. Qc2 Nb4 11. Qb1 Be6 12. Bxe6 fxe6 13. Re1 Qd7 14. a3 Nbd5 15. Bd2 Rae8 16. Qg6 Ne7 17. Qd3 Nf5 18. Rad1 Qf7 19. Re2 Qh5 20. Rde1 Nh4 21. Nxh4 Qxh4 22. Rxe6 Ng4 23. f4 Bxf4 24. Qc4 Rxe6 25. Qxe6+ Kh8 26. Bxf4 Rxf4 27. hxg4 Qf2+ 28. Kh1 Qh4+ 29. Kg1 Qf2+ 30. Kh1 Qh4+ 1/2-1/2

[Event "26th Zadar Open 2019"]
[Site "Zadar"]
[Date "2019.12.22"]
[Round "9.12"]
[White "Spalir, Jernej"]
[Black "Bukal, Vladimir Jr."]
[Result "1/2-1/2"]
[ECO "A40"]
[WhiteElo "2429"]
[BlackElo "2393"]
[Annotator "NA"]
[PlyCount "83"]
[EventDate "2019.12.15"]
[EventType "swiss"]
[EventCountry "CRO"]
[SourceTitle "playchess.com"]
[Source "ChessBase"]
[SourceQuality "1"]
[TimeControl "40/5400+30:1800+30"]

1. d4 e6 2. c4 b6 3. e4 Bb7 4. Bd3 Bb4+ 5. Bd2 Bxd2+ 6. Qxd2 d6 7. Nc3 e5 8. d5 Nd7 9. Nge2 Ne7 10. O-O a5 11. b3 Nc5 12. Bc2 O-O 13. a3 Ba6 14. b4 Nd7 15. Bd3 Kh8 16. Ng3 Ng6 17. Nce2 Nh4 18. Rac1 Bc8 19. Bc2 h6 20. Ra1 Nf6 21. Qc3 Qe7 22. Rfc1 Bd7 23. Bd3 Nh7 24. c5 bxc5 25. bxc5 Ra7 26. c6 Bc8 27. f4 exf4 28. Nxf4 Qg5 29. Rf1 Nf6 30. Rab1 Ra8 31. Rb5 Qe5 32. Qxe5 dxe5 33. Nfe2 Ba6 34. Rb3 Bxd3 35. Rxd3 Ne8 36. Rb3 Nd6 37. Nc3 Rfb8 38. Rfb1 Rxb3 39. Rxb3 Kg8 40. Nf1 f5 41. Nd2 fxe4 42. Ncxe4 1/2-1/2

[Event "26th Zadar Open 2019"]
[Site "Zadar"]
[Date "2019.12.22"]
[Round "9.13"]
[White "Ly, Dominik"]
[Black "Rezan, Sasa"]
[Result "1/2-1/2"]
[ECO "D27"]
[WhiteElo "2220"]
[BlackElo "2415"]
[Annotator "NA"]
[PlyCount "62"]
[EventDate "2019.12.15"]
[EventType "swiss"]
[EventCountry "CRO"]
[SourceTitle "playchess.com"]
[Source "ChessBase"]
[SourceQuality "1"]
[TimeControl "40/5400+30:1800+30"]

1. Nf3 Nf6 2. c4 e6 3. Nc3 d5 4. e3 dxc4 5. Bxc4 a6 6. a4 c5 7. O-O Nc6 8. d4 Be7 9. Qe2 cxd4 10. Rd1 e5 11. exd4 exd4 12. Nxd4 Nxd4 13. Qe5 Qd6 14. Qxd6 Bxd6 15. Rxd4 Bc5 16. Rd1 O-O 17. h3 Be6 18. Bxe6 fxe6 19. Re1 Rad8 20. Be3 Bb4 21. Rad1 Rxd1 22. Rxd1 Bxc3 23. bxc3 Nd5 24. Bd4 Rc8 25. Rc1 Rc4 26. a5 Nc7 27. Be5 Rc5 28. Bd6 Rc6 29. Be5 Rc5 30. Bd6 Rc6 31. Be5 Rc5 1/2-1/2

[Event "26th Zadar Open 2019"]
[Site "Zadar"]
[Date "2019.12.22"]
[Round "9.15"]
[White "Plenkovic, Zdenko"]
[Black "Krasteva, Beloslava"]
[Result "1-0"]
[ECO "B80"]
[WhiteElo "2355"]
[BlackElo "2264"]
[Annotator "NA"]
[PlyCount "101"]
[EventDate "2019.12.15"]
[EventType "swiss"]
[EventCountry "CRO"]
[SourceTitle "playchess.com"]
[Source "ChessBase"]
[SourceQuality "1"]
[TimeControl "40/5400+30:1800+30"]

1. e4 c5 2. Nf3 d6 3. d4 cxd4 4. Nxd4 Nf6 5. Nc3 a6 6. Be3 e6 7. Qd2 b5 8. f3 Nbd7 9. O-O-O Bb7 10. g4 Nb6 11. g5 Nfd7 12. Bd3 b4 13. Nce2 d5 14. Ng3 Ne5 15. f4 Nec4 16. Bxc4 Nxc4 17. Qf2 Qa5 18. Kb1 dxe4 19. f5 Bd5 20. Nb3 Qc7 21. Rhe1 a5 22. Bf4 Bd6 23. Bxd6 Nxd6 24. fxe6 fxe6 25. Qc5 Qxc5 26. Nxc5 O-O-O 27. a3 bxa3 28. b3 Rhe8 29. Ka2 Bc6 30. Kxa3 Nb5+ 31. Kb2 Nd4 32. Ngxe4 Kb8 33. Ra1 Nf3 34. Re3 Nxh2 35. Rxa5 Ng4 36. Rc3 Bxe4 37. Rb5+ Ka8 38. Rc4 Re7 39. Rxe4 Nf2 40. Ra4+ Ra7 41. Rxa7+ Kxa7 42. Rb7+ Ka8 43. Rxg7 e5 44. Rf7 Nd1+ 45. Ka3 Rg8 46. Ne4 Ne3 47. c3 Nc2+ 48. Kb2 Ne1 49. Rxh7 Nf3 50. Rh3 Nxg5 51. Rg3 1-0

[Event "26th Zadar Open 2019"]
[Site "Zadar"]
[Date "2019.12.22"]
[Round "9.17"]
[White "Antova, Gabriela"]
[Black "Vidic, Teja"]
[Result "0-1"]
[ECO "D46"]
[WhiteElo "2314"]
[BlackElo "2221"]
[Annotator "NA"]
[PlyCount "114"]
[EventDate "2019.12.15"]
[EventType "swiss"]
[EventCountry "CRO"]
[SourceTitle "playchess.com"]
[Source "ChessBase"]
[SourceQuality "1"]
[TimeControl "40/5400+30:1800+30"]

1. d4 d5 2. c4 c6 3. Nf3 Nf6 4. Nc3 e6 5. e3 Nbd7 6. Qc2 Bd6 7. Bd3 O-O 8. O-O dxc4 9. Bxc4 b5 10. Be2 Bb7 11. Rd1 Qc7 12. e4 e5 13. Bg5 Rac8 14. dxe5 Nxe5 15. Nd4 Neg4 16. g3 h6 17. Bh4 Bc5 18. Bxg4 Nxg4 19. Qe2 Qb6 20. Qxg4 Bxd4 21. Rd2 c5 22. Be7 Rfe8 23. Qd7 Qc6 24. Qxc6 Rxc6 25. Nd5 Re6 26. Bxc5 Bxc5 27. Nc7 Rxe4 28. Nxe8 Rxe8 29. Rad1 g5 30. Rd8 Bc6 31. Rxe8+ Bxe8 32. Rd8 Kf8 33. Kf1 Ke7 34. Rc8 Bb6 35. Ke2 Bd7 36. Rb8 b4 37. f3 Be6 38. b3 Kf6 39. Kd3 Bd5 40. Ke2 Ke5 41. Rh8 Kd4 42. Rxh6 Kc3 43. h4 gxh4 44. gxh4 Be6 45. h5 Kb2 46. Rf6 Bd4 47. Rf4 Bc3 48. h6 Kxa2 49. h7 Kxb3 50. Ke3 Bh8 51. Rd4 a5 52. Rd8 Bf6 53. h8=Q Bxh8 54. Rxh8 a4 55. Kd2 a3 56. Kc1 a2 57. Ra8 Bd7 0-1

[Event "26th Zadar Open 2019"]
[Site "Zadar"]
[Date "2019.12.22"]
[Round "9.18"]
[White "Sinanovic, Muhamed"]
[Black "Peng, Hongchi"]
[Result "0-1"]
[ECO "A48"]
[WhiteElo "2309"]
[BlackElo "2271"]
[Annotator "NA"]
[PlyCount "68"]
[EventDate "2019.12.15"]
[EventType "swiss"]
[EventCountry "CRO"]
[SourceTitle "playchess.com"]
[Source "ChessBase"]
[SourceQuality "1"]
[TimeControl "40/5400+30:1800+30"]

1. Nf3 g6 2. d4 Bg7 3. Bf4 Nf6 4. h3 O-O 5. e3 d6 6. Be2 Nfd7 7. c3 e5 8. Bh2 Nc6 9. O-O e4 10. Nfd2 f5 11. c4 Nf6 12. Nc3 g5 13. Rb1 Ne7 14. b4 Ng6 15. b5 Qe7 16. Qc2 b6 17. Rfc1 Bb7 18. c5 d5 19. Qb3 Kh8 20. Qb4 Qf7 21. Nd1 f4 22. Rc3 Bc8 23. Rbc1 Ne8 24. a4 Nh4 25. f3 Qh5 26. cxb6 axb6 27. Rxc7 Nxc7 28. Rxc7 Bxh3 29. gxh3 exf3 30. Bf1 Rae8 31. exf4 gxf4 32. Nb3 Qg6+ 33. Kh1 Re2 34. Re7 Qg2+ 0-1

[Event "26th Zadar Open 2019"]
[Site "Zadar"]
[Date "2019.12.22"]
[Round "9.20"]
[White "Zelic, Mladen"]
[Black "Guttenthaler, Franz"]
[Result "0-1"]
[ECO "C11"]
[WhiteElo "2254"]
[BlackElo "2304"]
[Annotator "NA"]
[PlyCount "72"]
[EventDate "2019.12.15"]
[EventType "swiss"]
[EventCountry "CRO"]
[SourceTitle "playchess.com"]
[Source "ChessBase"]
[SourceQuality "1"]
[TimeControl "40/5400+30:1800+30"]

1. e4 e6 2. d4 d5 3. Nc3 Nf6 4. e5 Nfd7 5. f4 c5 6. Nf3 Nc6 7. Bd3 Nxd4 8. Nxd4 cxd4 9. Ne2 Qa5+ 10. Bd2 Qb6 11. O-O Nc5 12. Be1 Bd7 13. Bf2 Nxd3 14. cxd3 Bc5 15. b4 Qxb4 16. Rb1 Qa5 17. Qc1 Rc8 18. f5 exf5 19. Qg5 g6 20. Rxb7 Be7 21. Qf4 Qa6 22. Rfb1 Qxd3 23. Nxd4 O-O 24. Qh6 Rc7 25. Rxc7 Qxb1+ 26. Rc1 Qxa2 27. h4 Rc8 28. e6 Bxe6 29. Rxc8+ Bxc8 30. Nc6 Qb1+ 31. Kh2 Bd6+ 32. Bg3 Bxg3+ 33. Kxg3 Qe1+ 34. Kh2 Bd7 35. Nxa7 Qe5+ 36. Kh1 Qa1+ 0-1

[Event "26th Zadar Open 2019"]
[Site "Zadar"]
[Date "2019.12.22"]
[Round "9.23"]
[White "Khalakhan, Jurij"]
[Black "de Francesco, Klaus"]
[Result "1-0"]
[ECO "A07"]
[WhiteElo "2240"]
[BlackElo "2273"]
[Annotator "NA"]
[PlyCount "119"]
[EventDate "2019.12.15"]
[EventType "swiss"]
[EventCountry "CRO"]
[SourceTitle "playchess.com"]
[Source "ChessBase"]
[SourceQuality "1"]
[TimeControl "40/5400+30:1800+30"]

1. Nf3 d5 2. g3 Nf6 3. Bg2 c6 4. O-O Bf5 5. Re1 h6 6. d3 e6 7. Nbd2 Bh7 8. b3 Be7 9. Bb2 O-O 10. e4 a5 11. a3 Qb6 12. Qe2 Na6 13. Ne5 Rad8 14. Ng4 d4 15. f4 c5 16. Rf1 Qc7 17. Rae1 b5 18. Bc1 a4 19. bxa4 c4 20. Nxf6+ Bxf6 21. axb5 cxd3 22. cxd3 Nc5 23. Nc4 Na4 24. Qc2 Nb6 25. Bb2 Rc8 26. Rc1 Qa7 27. Qb3 Na4 28. h3 Nc3 29. Kh2 Rfd8 30. Ra1 Na4 31. Rfb1 Nc5 32. Qc2 Nxe4 33. dxe4 d3 34. Qb3 Qf2 35. Rf1 Qc2 36. Qxc2 dxc2 37. Bxf6 gxf6 38. Ne3 Rd3 39. Ng4 Kg7 40. a4 Rcc3 41. Rac1 h5 42. Nf2 Rd2 43. Nh1 Bxe4 44. Rf2 Rd1 45. Rcxc2 Bxc2 46. a5 Ra1 47. a6 Bd3 48. Rb2 Rc2 49. Rxc2 Bxc2 50. Nf2 f5 51. Bb7 Ra2 52. Kg1 Ra1+ 53. Kg2 Ra2 54. b6 Be4+ 55. Bxe4 Rxa6 56. b7 Rb6 57. Bf3 f6 58. Nd3 e5 59. fxe5 fxe5 60. Nxe5 1-0

[Event "26th Zadar Open 2019"]
[Site "Zadar"]
[Date "2019.12.22"]
[Round "9.24"]
[White "Gelbenegger, Patrick"]
[Black "Hrescak, Ivana"]
[Result "1-0"]
[ECO "B92"]
[WhiteElo "2267"]
[BlackElo "2194"]
[Annotator "NA"]
[PlyCount "75"]
[EventDate "2019.12.15"]
[EventType "swiss"]
[EventCountry "CRO"]
[SourceTitle "playchess.com"]
[Source "ChessBase"]
[SourceQuality "1"]
[TimeControl "40/5400+30:1800+30"]

1. e4 c5 2. Nf3 d6 3. d4 cxd4 4. Nxd4 Nf6 5. Nc3 a6 6. Be2 e5 7. Nb3 Be7 8. O-O Be6 9. f4 exf4 10. Bxf4 Nc6 11. Kh1 O-O 12. Qe1 Ne5 13. Rd1 Qc7 14. Nd4 Ng6 15. Bg3 Rfd8 16. Nf5 Bf8 17. Qd2 Ne8 18. Nd5 Qc6 19. Nd4 Qc5 20. Nb3 Qa7 21. Bf2 Qb8 22. Nb6 Ra7 23. Qd4 Qc7 24. Bf3 Qe7 25. Nd5 Bxd5 26. Qxa7 Bxe4 27. Rfe1 f5 28. Qd4 Nf6 29. Nd2 d5 30. Nxe4 fxe4 31. Bxe4 Nxe4 32. Rxe4 Qc7 33. Re2 Kh8 34. c4 Ne7 35. Bh4 Rd7 36. Bxe7 Bxe7 37. cxd5 h6 38. Rxe7 1-0